| TOP OF THE 1ST |
|
Burlington Bees batting - Pitching for Appleton Foxes : RHP Mike Trujillo
|
|
Pitching: RHP Mike Trujillo
|
|
|
Batting: LHB Herm Winningham
|
0-0: Ball 1-0: Foul Ball, location: 2F 1-1: Swinging Strike 1-2: Ball 2-2: Foul Ball, location: 2F 2-2: Strikes out looking
|
|
Batting: RHB Mike Quade
|
0-0: Foul Ball, location: 2F 0-1: Called Strike 0-2: Strikes out looking
|
|
Batting: RHB Javier Ortiz
|
0-0: Called Strike 0-1: Ball 1-1: Ball 2-1: Foul Ball, location: 2F 2-2: Strikes out swinging
|
| Top of the 1st over - 0 runs, 0 hits, 0 errors, 0 left on base; Burlington 0 - Appleton 0 |
| BOTTOM OF THE 1ST |
|
Appleton Foxes batting - Pitching for Burlington Bees : RHP Gregory DeHart
|
|
Pitching: RHP Gregory DeHart
|
|
|
Batting: LHB Mike Woodard
|
0-0: Ball 1-0: Called Strike 1-1: Fly out, F9 (Flyball, 89D, EV 85.6 MPH)
|
|
Batting: SHB Matt Gallegos
|
0-0: Ground out 4-3 (Groundball, 4, EV 87.5 MPH)
|
|
Batting: RHB Chris Brown
|
0-0: Fly out, F6 (Popup, 6M, EV 68.1 MPH)
|
| Bottom of the 1st over - 0 runs, 0 hits, 0 errors, 0 left on base; Burlington 0 - Appleton 0 |
| TOP OF THE 2ND |
|
Burlington Bees batting - Pitching for Appleton Foxes : RHP Mike Trujillo
|
|
Batting: RHB Steve Buechele
|
0-0: Swinging Strike 0-1: Fly out, F8 (Flyball, 78D, EV 84.4 MPH)
|
|
Batting: RHB Bob Glendening
|
0-0: Ball 1-0: SINGLE (Line Drive, 6D, EV 93.8 MPH)
|
|
Batting: LHB Frank Hardy
|
0-0: Ball 1-0: Ball 2-0: Fly out, F8 (Line Drive, 8LD, EV 85.0 MPH)
|
|
Batting: RHB Thomas Echstenkamper
|
0-0: Called Strike 0-1: Called Strike 0-2: Foul Ball, location: 2F 0-2: Ball 1-2: Foul Ball, location: 2F 1-2: Foul Ball, location: 2F 1-2: Fly out, F6 (Popup, 6D, EV 56.3 MPH)
|
| Top of the 2nd over - 0 runs, 1 hit, 0 errors, 1 left on base; Burlington 0 - Appleton 0 |
| BOTTOM OF THE 2ND |
|
Appleton Foxes batting - Pitching for Burlington Bees : RHP Gregory DeHart
|
|
Batting: RHB Randy Asadoor
|
0-0: Foul Ball, location: 2F 0-1: Swinging Strike 0-2: Strikes out looking
|
|
Batting: RHB Victor Mata
|
0-0: Ball 1-0: Foul Ball, location: 2F 1-1: Fly out, F8 (Flyball, 8RD, EV 106.3 MPH)
|
|
Batting: LHB John Csefalvay
|
0-0: Ball 1-0: Swinging Strike 1-1: Ball 2-1: Ball 3-1: Hit by Pitch
|
|
Batting: RHB Howard Lopes
|
0-0: Called Strike John Csefalvay is caught stealing 2nd base 2-4
|
| Bottom of the 2nd over - 0 runs, 0 hits, 0 errors, 0 left on base; Burlington 0 - Appleton 0 |
| TOP OF THE 3RD |
|
Burlington Bees batting - Pitching for Appleton Foxes : RHP Mike Trujillo
|
|
Batting: RHB Mike Morse
|
0-0: Called Strike 0-1: Ball 1-1: SINGLE (Groundball, 56S, EV 65.6 MPH) (infield hit)
|
|
Batting: RHB Bob Hicks
|
0-0: Ball 1-0: Ball 2-0: Swinging Strike 2-1: Foul Ball, location: 2F 2-2: Fielders Choice at 2nd, 1-6 (Groundball, 34S, EV 76.3 MPH)
|
|
Batting: LHB Herm Winningham
|
0-0: Foul Ball, location: 2F 0-1: SINGLE (Groundball, 4MD, EV 98.1 MPH) Bob Hicks to second
|
|
Batting: RHB Mike Quade
|
0-0: Ball Passed Ball! Bob Hicks to third Herm Winningham to second 1-0: Swinging Strike 1-1: Fly out, F9 (Flyball, 89D, EV 100.6 MPH) Runner from 3rd tags up, OUT at HOME! 9-2
|
| Top of the 3rd over - 0 runs, 2 hits, 0 errors, 1 left on base; Burlington 0 - Appleton 0 |
| BOTTOM OF THE 3RD |
|
Appleton Foxes batting - Pitching for Burlington Bees : RHP Gregory DeHart
|
|
Batting: RHB Howard Lopes
|
0-0: Ground out 5-3 (Groundball, 5, EV 83.1 MPH)
|
|
Batting: RHB Mike Nipper
|
0-0: Ball 1-0: Called Strike 1-1: Ball 2-1: Ball 3-1: Base on Balls
|
|
Batting: RHB Philip Sutton
|
0-0: Ball 1-0: Foul Ball, location: 2F 1-1: Ball 2-1: Ball 3-1: Base on Balls Mike Nipper to second
|
|
Batting: LHB Mike Woodard
|
0-0: Ball 1-0: Foul Ball, location: 2F 1-1: Ball 2-1: Ball 3-1: Swinging Strike 3-2: Foul Ball, location: 2F 3-2: Foul Ball, location: 2F 3-2: Fly out, F7 (Flyball, 78M, EV 80.0 MPH)
|
|
Batting: SHB Matt Gallegos
|
0-0: Called Strike 0-1: Ball 1-1: Swinging Strike 1-2: Foul Ball, location: 2F 1-2: Fly out, F5 (Popup, 5SF, EV 75.6 MPH)
|
| Bottom of the 3rd over - 0 runs, 0 hits, 0 errors, 2 left on base; Burlington 0 - Appleton 0 |
| TOP OF THE 4TH |
|
Burlington Bees batting - Pitching for Appleton Foxes : RHP Mike Trujillo
|
|
Batting: RHB Javier Ortiz
|
0-0: Called Strike 0-1: Swinging Strike 0-2: Ball 1-2: Foul Ball, location: 2F 1-2: Strikes out swinging
|
|
Batting: RHB Steve Buechele
|
0-0: Ball 1-0: Ball 2-0: Foul Ball, location: 2F 2-1: Ball 3-1: Swinging Strike 3-2: Foul Ball, location: 2F 3-2: Foul Ball, location: 2F 3-2: SINGLE (Flyball, 34D, EV 95.0 MPH)
|
|
Batting: RHB Bob Glendening
|
0-0: Called Strike 0-1: Ball 1-1: Swinging Strike 1-2: Strikes out swinging
|
|
Batting: LHB Frank Hardy
|
0-0: Ball 1-0: Ball 2-0: Ball Wild Pitch! Steve Buechele to second 3-0: Base on Balls
|
|
Batting: RHB Thomas Echstenkamper
|
0-0: Foul Ball, location: 2F 0-1: Fly out, F9 (Flyball, 9LM, EV 90.0 MPH)
|
| Top of the 4th over - 0 runs, 1 hit, 0 errors, 2 left on base; Burlington 0 - Appleton 0 |
| BOTTOM OF THE 4TH |
|
Appleton Foxes batting - Pitching for Burlington Bees : RHP Gregory DeHart
|
|
Batting: RHB Chris Brown
|
0-0: Called Strike 0-1: Ball 1-1: Fly out, F3 (Popup, 34, EV 66.9 MPH)
|
|
Batting: RHB Randy Asadoor
|
0-0: Ball 1-0: Ball 2-0: Ball 3-0: Base on Balls
|
|
Batting: RHB Victor Mata
|
0-0: Called Strike 0-1: Ball 1-1: Ball 2-1: Grounds into double play, 6-4-3 (Groundball, 6MD, EV 109.4 MPH)
|
| Bottom of the 4th over - 0 runs, 0 hits, 0 errors, 0 left on base; Burlington 0 - Appleton 0 |
| TOP OF THE 5TH |
|
Burlington Bees batting - Pitching for Appleton Foxes : RHP Mike Trujillo
|
|
Batting: RHB Mike Morse
|
0-0: Called Strike 0-1: Ball 1-1: Called Strike 1-2: Foul Ball, location: 2F 1-2: Ball 2-2: Ground out 6-3 (Groundball, 6, EV 79.4 MPH)
|
|
Batting: RHB Bob Hicks
|
0-0: Foul Ball, location: 2F 0-1: Ball 1-1: Fly out, F8 (Line Drive, 8RD, EV 92.5 MPH)
|
|
Batting: LHB Herm Winningham
|
0-0: Foul Ball, location: 2F 0-1: Ball 1-1: Ball 2-1: Ground out 6-3 (Groundball, 6, EV 106.9 MPH)
|
| Top of the 5th over - 0 runs, 0 hits, 0 errors, 0 left on base; Burlington 0 - Appleton 0 |
| BOTTOM OF THE 5TH |
|
Appleton Foxes batting - Pitching for Burlington Bees : RHP Gregory DeHart
|
|
Batting: LHB John Csefalvay
|
0-0: Ball 1-0: Foul Ball, location: 2F 1-1: Foul Ball, location: 2F 1-2: Ground out 4-3 (Groundball, 4, EV 85.0 MPH)
|
|
Batting: RHB Howard Lopes
|
0-0: Swinging Strike 0-1: Ball 1-1: SINGLE (Flyball, 8RS, EV 93.1 MPH)
|
|
Batting: RHB Mike Nipper
|
0-0: Ball 1-0: Ball Wild Pitch! Howard Lopes to second 2-0: Foul Ball, location: 2F 2-1: Ball 3-1: Base on Balls
|
|
Batting: RHB Philip Sutton
|
0-0: Swinging Strike 0-1: Ball 1-1: Fly out, F9 (Line Drive, 9, EV 90.6 MPH)
|
|
Batting: LHB Mike Woodard
|
0-0: Ball 1-0: Ball 2-0: Foul Ball, location: 2F 2-1: Ball 3-1: Base on Balls Howard Lopes to third Mike Nipper to second
|
|
Batting: SHB Matt Gallegos
|
0-0: Ball 1-0: Ball 2-0: Ball 3-0: Called Strike 3-1: Fielders Choice at 2nd, U6 (Groundball, 6M, EV 103.1 MPH)
|
| Bottom of the 5th over - 0 runs, 1 hit, 0 errors, 3 left on base; Burlington 0 - Appleton 0 |
| TOP OF THE 6TH |
|
Burlington Bees batting - Pitching for Appleton Foxes : RHP Mike Trujillo
|
|
Batting: RHB Mike Quade
|
0-0: Ball 1-0: Ground out 6-3 (Groundball, 6, EV 102.5 MPH)
|
|
Batting: RHB Javier Ortiz
|
0-0: Ground out 5-3 (Groundball, 25, EV 92.5 MPH)
|
|
Batting: RHB Steve Buechele
|
0-0: SINGLE (Line Drive, 3D, EV 110.0 MPH)
|
|
Batting: RHB Bob Glendening
|
0-0: Called Strike 0-1: Ball 1-1: Fly out, F7 (Line Drive, 78M, EV 92.5 MPH)
|
| Top of the 6th over - 0 runs, 1 hit, 0 errors, 1 left on base; Burlington 0 - Appleton 0 |
| BOTTOM OF THE 6TH |
|
Appleton Foxes batting - Pitching for Burlington Bees : RHP Gregory DeHart
|
|
Batting: RHB Chris Brown
|
0-0: Reached on error, E4 (Groundball, 4, EV 103.1 MPH)
|
|
Batting: RHB Randy Asadoor
|
0-0: Called Strike 0-1: Ball 1-1: Ball 2-1: Called Strike 2-2: Strikes out swinging
|
|
Batting: RHB Victor Mata
|
0-0: Ball Chris Brown is caught stealing 3rd base 2-5 1-0: Called Strike 1-1: Foul Ball, location: 2F 1-2: Reached via error on a dropped throw from SS, E3 (Groundball, 6, EV 92.5 MPH)
|
|
Batting: LHB John Csefalvay
|
0-0: Ball 1-0: Called Strike 1-1: Called Strike 1-2: Ball 2-2: Ground out 5-3 (Groundball, 56, EV 80.6 MPH)
|
| Bottom of the 6th over - 0 runs, 0 hits, 2 errors, 1 left on base; Burlington 0 - Appleton 0 |
| TOP OF THE 7TH |
|
Burlington Bees batting - Pitching for Appleton Foxes : RHP Mike Trujillo
|
|
Batting: LHB Frank Hardy
|
0-0: Foul Ball, location: 2F 0-1: Foul Ball, location: 2F 0-2: SINGLE (Line Drive, 6MD, EV 96.3 MPH)
|
|
Batting: RHB Thomas Echstenkamper
|
0-0: Ball 1-0: SINGLE (Line Drive, 56D, EV 98.1 MPH) Frank Hardy to second
|
|
Batting: RHB Mike Morse
|
0-0: Ball 1-0: SINGLE (Groundball, 56, EV 106.9 MPH) - runner OUT being hit by batted ball. (infield hit) Thomas Echstenkamper to second
|
|
Batting: RHB Bob Hicks
|
0-0: Called Strike 0-1: Fielders Choice at 2nd, 3-6 (Groundball, 34, EV 85.0 MPH) Thomas Echstenkamper to third
|
|
Batting: LHB Herm Winningham
|
0-0: Ball 1-0: Foul Ball, location: 2F 1-1: Ball 2-1: Foul Ball, location: 2F 2-2: Foul Ball, location: 2F 2-2: Fly out, F8 (Line Drive, 8RD, EV 88.1 MPH)
|
| Top of the 7th over - 0 runs, 3 hits, 0 errors, 2 left on base; Burlington 0 - Appleton 0 |
| BOTTOM OF THE 7TH |
|
Appleton Foxes batting - Pitching for Burlington Bees : RHP Gregory DeHart
|
|
Batting: RHB Howard Lopes
|
0-0: Called Strike 0-1: Ground out 5-3 (Groundball, 56, EV 88.8 MPH)
|
|
Batting: RHB Mike Nipper
|
0-0: Ball 1-0: Ground out 1-3 (Groundball, P, EV 75.0 MPH)
|
|
Batting: RHB Philip Sutton
|
0-0: Foul Ball, location: 2F 0-1: Foul Ball, location: 2F 0-2: Fly out, F8 (Flyball, 89S, EV 80.0 MPH)
|
| Bottom of the 7th over - 0 runs, 0 hits, 0 errors, 0 left on base; Burlington 0 - Appleton 0 |
| TOP OF THE 8TH |
|
Burlington Bees batting - Pitching for Appleton Foxes : RHP Mike Trujillo
|
|
Batting: RHB Mike Quade
|
0-0: Fly out, F9 (Flyball, 89D, EV 96.3 MPH)
|
|
Pitching: RHP John McLarnan
|
|
|
Batting: RHB Javier Ortiz
|
0-0: Foul Ball, location: 2F 0-1: Ball 1-1: Foul Ball, location: 2F 1-2: SINGLE (Groundball, 6MS, EV 66.3 MPH) (infield hit)
|
|
Batting: RHB Steve Buechele
|
0-0: Called Strike 0-1: Called Strike 0-2: Ball 1-2: Foul Ball, location: 2F 1-2: Foul Ball, location: 2F 1-2: Ball 2-2: Ball 3-2: 2-RUN HOME RUN (Flyball, 7D, EV 103.1 MPH), Distance : 359 ft
|
|
Batting: RHB Bob Glendening
|
0-0: Called Strike 0-1: Ball 1-1: Ball 2-1: Ball 3-1: Called Strike 3-2: Foul Ball, location: 2F 3-2: SOLO HOME RUN (Flyball, 7LD, EV 96.9 MPH), Distance : 354 ft
|
|
Pitching: RHP Steve Mapel
|
|
|
Batting: LHB Frank Hardy
|
0-0: Called Strike 0-1: Ball 1-1: Ball 2-1: Ball 3-1: Base on Balls
|
|
Batting: RHB Thomas Echstenkamper
|
0-0: Ball 1-0: Fly out, F9 (Flyball, 89D, EV 100.6 MPH)
|
|
Batting: RHB Mike Morse
|
0-0: Ball 1-0: Foul Ball, location: 2F 1-1: Ball 2-1: Foul Ball, location: 2F 2-2: SINGLE (Groundball, 3D, EV 96.9 MPH) Frank Hardy to second Runner from 2nd tries for 3rd, SAFE, throw by RF made at trailing runner, OUT! 9-3-6
|
| Top of the 8th over - 3 runs, 4 hits, 0 errors, 1 left on base; Burlington 3 - Appleton 0 |
| BOTTOM OF THE 8TH |
|
Appleton Foxes batting - Pitching for Burlington Bees : RHP Gregory DeHart
|
|
Batting: LHB Mike Woodard
|
0-0: Ball 1-0: Ball 2-0: Swinging Strike 2-1: Ball 3-1: Base on Balls
|
|
Batting: SHB Matt Gallegos
|
0-0: Ball 1-0: Called Strike 1-1: Ball Wild Pitch! Mike Woodard to second 2-1: Swinging Strike 2-2: Strikes out swinging
|
|
Batting: RHB Chris Brown
|
0-0: Ball 1-0: Called Strike 1-1: SINGLE (Flyball, 3D, EV 93.1 MPH) Mike Woodard to third
|
|
Batting: RHB Randy Asadoor
|
0-0: Fly out, F9 (Flyball, 9S, EV 82.5 MPH)
|
|
Batting: RHB Victor Mata
|
0-0: Ball 1-0: Ball 2-0: Fielders Choice at 2nd, 5-4 (Groundball, 56, EV 104.4 MPH)
|
| Bottom of the 8th over - 0 runs, 1 hit, 0 errors, 2 left on base; Burlington 3 - Appleton 0 |
| TOP OF THE 9TH |
|
Burlington Bees batting - Pitching for Appleton Foxes : RHP Steve Mapel
|
|
Batting: RHB Bob Hicks
|
0-0: Called Strike 0-1: Called Strike 0-2: Ball 1-2: Foul Ball, location: 2F 1-2: Ball 2-2: Foul Ball, location: 2F 2-2: Foul Ball, location: 2F 2-2: Ball 3-2: Base on Balls
|
|
Batting: LHB Herm Winningham
|
0-0: Ball 1-0: SINGLE (Line Drive, 4MD, EV 102.5 MPH) Bob Hicks to second
|
|
Batting: RHB Mike Quade
|
0-0: Bunted foul 0-1: Bunt missed! 0-2: Foul Ball, location: 2F 0-2: Ball 1-2: Ball 2-2: Ball 3-2: Foul Ball, location: 2F 3-2: Foul Ball, location: 2F 3-2: SINGLE (Line Drive, 56, EV 95.0 MPH) Bob Hicks to third Herm Winningham to second Runner from 3rd tries for Home, SAFE, throw by LF to home
|
|
Batting: RHB Javier Ortiz
|
0-0: Ball 1-0: Swinging Strike 1-1: SINGLE (Line Drive, 9S, EV 112.5 MPH) Herm Winningham to third Mike Quade to second
|
|
Batting: RHB Steve Buechele
|
0-0: Ball 1-0: Foul Ball, location: 2F 1-1: Ball 2-1: Ball 3-1: Called Strike 3-2: Grounds into double play, 6-4-3 (Groundball, 6, EV 85.6 MPH) Herm Winningham scores Mike Quade to third
|
|
Batting: RHB Bob Glendening
|
0-0: SINGLE (Groundball, 56D, EV 101.3 MPH) Mike Quade scores
|
|
Batting: LHB Frank Hardy
|
0-0: Called Strike 0-1: Foul Ball, location: 2F 0-2: Ball 1-2: Fly out, F7 (Flyball, 7, EV 89.4 MPH)
|
| Top of the 9th over - 3 runs, 4 hits, 0 errors, 1 left on base; Burlington 6 - Appleton 0 |
| BOTTOM OF THE 9TH |
|
Appleton Foxes batting - Pitching for Burlington Bees : RHP Gregory DeHart
|
|
Batting: LHB John Csefalvay
|
0-0: Ground out 3-1 (Groundball, 34, EV 81.9 MPH)
|
|
Batting: RHB Howard Lopes
|
0-0: Ball 1-0: Foul Ball, location: 2F 1-1: Ball 2-1: Called Strike 2-2: Foul Ball, location: 2F 2-2: Strikes out swinging
|
|
Batting: RHB Mike Nipper
|
0-0: Ball 1-0: Ball 2-0: Foul Ball, location: 2F 2-1: Swinging Strike 2-2: Ball 3-2: Strikes out swinging
|
| Bottom of the 9th over - 0 runs, 0 hits, 0 errors, 0 left on base; Burlington 6 - Appleton 0 |
|